 Dungeon Crawl Stone Soup version 0.28-a0-706-gf6f64a616a (webtiles) character file.

Game seed: 12544084951210575334

474 KoroneIsBestGirl the Chiller (level 7, -1/46 HPs)
             Began as a Barachi Ice Elementalist on Oct 24, 2021.
             Was an Initiate of Gozag.
             Slain by a flying skull (6 damage)
             ... created by the anger of Yredelemnul
             ... on level 4 of the Dungeon.
             The game lasted 00:06:20 (5623 turns).

KoroneIsBestGirl the Chiller (BaIE)                 Turns: 5623, Time: 00:06:21

Health: -1/46      AC:  3    Str:  9    XL:     7   Next: 10%
Magic:  13/13      EV: 13    Int: 17    God:    Gozag
Gold:   275        SH:  5    Dex: 13    Spells: 10/14 levels left

rFire   . . .      SeeInvis .   o - +1 dagger (venom)
rCold   . . .      Faith    .   b - +0 buckler
rNeg    . . .      Spirit   .   a - +0 robe
rPois   .          Reflect  .   (no helmet)
rElec   .          Harm     .   (no cloak)
rCorr   .          Rampage  .   m - +0 pair of gloves
Will    .....                   (no boots)
Stlth   ++........              (no amulet)
HPRegen 0.15/turn               (no ring)
MPRegen 0.13/turn               (no ring)

@: about to teleport, unable to hop, slow
A: amphibious, slowness 1, strong legs 1, +LOS
a: Hop, Renounce Religion, Potion Petition, Call Merchant, Bribe Branch


You were on level 4 of the Dungeon.
You worshipped Gozag.
Gozag was aware of your devotion.
You visited 1 branch of the dungeon, and saw 4 of its levels.

You collected 305 gold pieces.
You paid 30 gold pieces to Gozag.

Inventory:

Hand Weapons
 o - a +1 dagger of venom (weapon)
Armour
 a - a +0 robe (worn)
 b - a +0 buckler (worn)
 k - a +0 kite shield
 m - a +0 pair of gloves (worn)
Scrolls
 f - 2 scrolls of noise
 g - a scroll of amnesia
 i - a scroll of enchant armour {unknown}
 j - 2 scrolls of blinking {unknown}
 n - a scroll of vulnerability {unknown}
Potions
 e - 2 potions of heal wounds {unknown}
 l - 2 potions of haste {unknown}


   Skills:
 + Level 4.5 Dodging
 - Level 1.7 Stealth
 - Level 4.0 Shields
 + Level 4.0 Spellcasting
 + Level 6.3 Ice Magic


You had 10 spell levels left.
You knew the following spells:

 Your Spells              Type           Power      Damage    Failure   Level
a - Freeze                Ice            96%        1d11      1%          1
b - Frozen Ramparts       Ice            48%        1d6       3%          3

Your spell library contained the following spells:

 Spells                   Type           Power      Damage    Failure   Level
 Ozocubu's Armour         Ice            24%        N/A       3%          3
 Ensorcelled Hibernation  Hex/Ice        28%        N/A       7%          2
 Hailstorm                Conj/Ice       14%        3d5       41%         4
 Spider Form              Tmut/Pois      1%         N/A       43%         3


Dungeon Overview and Level Annotations

Branches:
Dungeon (4/15)             Temple (0/1) D:4

Altars:
Gozag
Yredelemnul


Innate Abilities, Weirdness & Mutations

You are amphibious.
You cover ground slowly.
You can hop short distances.
You have an extended range of vision and can be seen from far away.


Message History

The centaur warrior skeleton hits you.
The centaur warrior skeleton misses you.
You block the flying skull's attack.
There is a stone staircase leading down here.
The centaur warrior skeleton hits you but does no damage.
You block the centaur warrior skeleton's attack.
The flying skull completely misses you. The flying skull hits you!
You block the flying skull's attack.
The centaur warrior skeleton hits you but does no damage.
The centaur warrior skeleton kicks you but does no damage.
The flying skull hits you.
* * * LOW HITPOINT WARNING * * *
The flying skull closely misses you.
You climb downwards.
The centaur warrior zombie closely misses you.
The centaur warrior zombie kicks you.
* * * LOW HITPOINT WARNING * * *
There is a stone staircase leading up, spattered with blood here.
Hop to where?
Press: ? - help, Dir - move target Boing!
The centaur warrior zombie hits you.
* * * LOW HITPOINT WARNING * * *
The centaur warrior zombie kicks you.
* * * LOW HITPOINT WARNING * * *
There is an escape hatch in the floor here.
The flying skull closely misses you.
The centaur warrior zombie hits you but does no damage.
The centaur warrior zombie kicks you.
* * * LOW HITPOINT WARNING * * *
You slide downwards.
The hatch slams shut behind you.
Okay, then.
It was a potion of magic.
Magic courses through your body.
The flying skull gives a hideous shriek!
You block the flying skull's attack. x2
Unknown command.
As you read the scroll of teleportation, it crumbles to dust.
You feel strangely unstable. The flying skull hits you.
You die...
Your body crumbles into a pile of gold.

######...##....#..)..###z#.......
##############....#h........
######## #......#....##........
#......# #......#....##z####.##
###......###......#....##.####.#.
............................h....
###......###......#....##........
#......# #....z.#....##..####..
#......# #....@.#....###.# #
#......# #...z..#....# .. #
#......###......###### ...
###...............# #..#
......###......#### ..#
#####.###.......# #.#
#...........# #..##...##..#
#..##z..##..#


You could see 3 flying skulls.

Vanquished Creatures
  Purgy (D:3)
  An ogre (D:4)
  Blork the orc (D:4)
  A centaur skeleton (D:4)
  A hound (D:4)
  Jessica (D:3)
  Terence (D:3)
  4 adders
  3 worms (D:3)
  4 dart slugs
  An orc (D:4)
  6 bats
  An endoplasm (D:1)
  4 giant cockroaches
  7 hobgoblins
  7 kobolds
  2 quokkas
  11 ball pythons
  2 frilled lizards
  11 goblins
  6 rats
76 creatures vanquished.

Vanquished Creatures (collateral kills)
  A ball python (D:2)
  A frilled lizard (D:2)
2 creatures vanquished.

Grand Total: 78 creatures vanquished

Notes
Turn   | Place    | Note
-------+----------+-------------------------------------------
     0 | D:1      | KoroneIsBestGirl the Barachi Ice Elementalist began the
                  | quest for the Orb.
     0 | D:1      | Reached XP level 1. HP: 13/13 MP: 3/3
   103 | D:1      | Reached skill level 5 in Ice Magic
   103 | D:1      | Reached XP level 2. HP: 5/19 MP: 0/5
   702 | D:1      | Reached skill level 1 in Shields
   971 | D:1      | Reached XP level 3. HP: 23/24 MP: 4/6
  1339 | D:2      | Found a faded altar of an unknown god.
  1365 | D:2      | Prayed at the altar of an unknown god.
  1365 | D:2      | Became a worshipper of Yredelemnul the Dark
  1365 | D:2      | Reached * piety under Yredelemnul
  1724 | D:2      | Reached XP level 4. HP: 24/30 MP: 5/8
  2264 | D:3      | Noticed Terence
  2271 | D:2      | Learned a level 3 spell: Frozen Ramparts
  2276 | D:3      | Killed Terence
  2663 | D:3      | Found an opulent altar of Gozag.
  2750 | D:3      | Fell from the grace of Yredelemnul
  2750 | D:3      | Became a worshipper of Gozag Ym Sagoz the Greedy
  3075 | D:3      | Reached XP level 5. HP: 33/33 MP: 6/9
  3206 | D:3      | Noticed Jessica
  3218 | D:3      | Killed Jessica
  3368 | D:3      | Noticed a wraith
  3368 | D:3      | Noticed a centaur warrior zombie
  3791 | D:4      | Noticed Blork the orc
  3800 | D:4      | Reached XP level 6. HP: 10/41 MP: 1/11
  4244 | D:4      | Killed Blork the orc
  4330 | D:4      | Found a staircase to the Ecumenical Temple.
  4384 | D:4      | Noticed a flying skull
  4384 | D:4      | Noticed a flying skull
  4396 | D:4      | Reached skill level 6 in Ice Magic
  4924 | D:3      | Noticed Purgy
  4929 | D:3      | Killed Purgy
  4930 | D:3      | Reached XP level 7. HP: 44/46 MP: 5/13
  5612 | D:2      | Noticed a flying skull
  5612 | D:2      | Noticed a flying skull
  5612 | D:2      | Noticed a flying skull
  5612 | D:2      | Noticed a flying skull
  5623 | D:4      | Slain by a flying skull

Illustrated notes

Levels and vault maps discovered:
D:1:      grunt_arrival_lava_bath, layout_basic
D:2:      layout_basic, dreamdust_ecumenical_altar_statues
D:3:      layout_basic, mainiacjoe_overflow_alcove_2, uniq_purgy, uniq_jessica,
          uniq_terence
D:4:      layout_basic, mainiacjoe_overflow_cross_hatched,
          minmay_temple_entry_stoned_glass, uniq_blork_the_orc

Skill      XL: |  1  2  3  4  5  6 |
---------------+-------------------+-----
Ice Magic      | 5 6 |  6.3
Shields        | 1 2 3 4 |  4.0
Dodging        | 3 4 |  4.5
Spellcasting   | 3 4 |  4.0
Stealth        | |  1.7

Action                   |  1- 3 |  4- 6 |  7- 9 || total
-------------------------+-------+-------+-------++-------
Melee: Dagger            |    11 |    34 |    32 ||    77
 Cast: Freeze            |    49 |    55 |       ||   104
       Frozen Ramparts   |       |     8 |       ||     8
Invok: Animate Remains   |     6 |     2 |       ||     8
 Abil: Hop               |       |     2 |     1 ||     3
  Use: Scroll            |       |     4 |     1 ||     5
       Potion            |       |       |     1 ||     1
 Stab: Sleeping          |       |     3 |       ||     3
Armor: Robe              |    15 |    27 |    29 ||    71
Dodge: Dodged            |    35 |    54 |    41 ||   130
Block: Buckler           |       |    18 |    15 ||    33

Table legend: (Time is in decaauts)
 A = Elapsed time spent in this place.
 B = Non-inter-level travel time spent in this place.
 C = Inter-level travel time spent in this place.
 D = Time resting spent in this place.
 E = Time spent auto-exploring this place.
 F = Levels seen in this place.
 G = Mean time per level.
                   A        B        C        D        E       F      G
               +--------+--------+--------+--------+--------+-----+--------+
         Total |   5987 |   5902 |     85 |   1440 |   3704 |   4 | 1496.8 |
       Dungeon |   5987 |   5902 |     85 |   1440 |   3704 |   4 | 1496.8 |
               +--------+--------+--------+--------+--------+-----+--------+

Top non-repeatable levels by time:
     D:2: 1609 daAuts
     D:3: 1569 daAuts
     D:1: 1440 daAuts
     D:4: 1367 daAuts
